 Dungeon Crawl Stone Soup version 0.24.0-2-g5b39cebb1c (webtiles) character file.

Game seed: 13775971627945813155, levelgen mode: deterministic

552558 Napalmbreeze the Slayer (level 26, -16/188 HPs)
             Began as a Barachi Ice Elementalist on Oct 29, 2019.
             Was an Initiate of Gozag.
             Demolished by Beco Cia the pandemonium lord (30 damage)
             ... on level 4 of the Realm of Zot on Oct 30, 2019.
             The game lasted 06:42:59 (94241 turns).

Napalmbreeze the Slayer (Barachi Ice Elementalist) Turns: 94241, Time: 06:43:00

Health: -16/188    AC: 24    Str:  6 (7)  XL:     26   Next: 36%
Magic:  31/49      EV: 14    Int: 31 (33) God:    Gozag
Gold:   3258       SH:  0    Dex: 13      Spells: 29/69 levels left

rFire    + + .     SeeInvis +   Y - +8 demon blade (flame)
rCold    + + .     Gourm    .   a - +2 buckler {rC+ rF+}
rNeg     + . .     Faith    .   Z - quicksilver dragon scales
rPois    .         Spirit   .   (helmet restricted)
rElec    .         Reflect  +   z - scarf {cloud immunity}
rCorr    .         Harm     .   X - +2 pair of gloves "Reokihem" {Slay+5 SInv}
MR       +++..                  b - +4 pair of boots of a Million Spirits {+Blink Int+3 Slay-3}
Stlth    ..........             Q - +4 amulet of reflection
HPRegen  0.41/turn              y - ring "Ojupekit" {rC+ rN+ MR+ Str-4 Int+2}
MPRegen  0.31/turn              U - ring of protection from fire

@: confused, about to teleport, can't hop, very slightly contaminated, wreathed
by umbra, studying Long Blades, lightly drained, slow
A: +LOS, swims, beak, clever 1, frail 2, sense surroundings 1, slowness 1, wild
magic 1, strong legs 2
0: Orb of Zot
}: 3/15 runes: decaying, serpentine, silver
a: Hop, Potion Petition, Call Merchant, Bribe Branch, Renounce Religion, Evoke
Blink


You were on level 4 of the Realm of Zot.
You worshipped Gozag.
Gozag was most pleased with you.
You were not hungry.

You visited 9 branches of the dungeon, and saw 49 of its levels.
You visited the Abyss 1 time.
You also visited: Bailey.

You collected 32705 gold pieces.
You spent 8376 gold pieces at shops.
You paid 21071 gold pieces to Gozag.

Inventory:

Hand Weapons
 Y - a +8 demon blade of flaming (weapon)
Armour
 a - a +2 buckler of resistance (worn)
 b - the +4 pair of boots of a Million Spirits (worn) {+Blink Int+3 Slay-3}
   (You found it on level 1 of the Vaults)

   It affects your intelligence (+3).
   It affects your accuracy and damage with ranged weapons and melee attacks
   (-3).
   It lets you blink.
 e - a +1 helmet of intelligence
 z - a scarf of cloud immunity (worn)
 X - the +2 pair of gloves "Reokihem" (worn) {Slay+5 SInv}
   (You found it on level 1 of the Orcish Mines)

   It affects your accuracy and damage with ranged weapons and melee attacks
   (+5).
   It lets you see invisible.
 Z - quicksilver dragon scales (worn)
Jewellery
 g - a ring of the Octopus King {AC+1 EV+1 Str+1 Int+1 Dex+1 SInv}
   (You bought it in a shop on level 3 of the Depths)

   [ring of see invisible]

   It affects your AC (+1).
   It affects your evasion (+1).
   It affects your strength (+1).
   It affects your intelligence (+1).
   It affects your dexterity (+1).
   It lets you see invisible.
 p - an uncursed ring of resist corrosion
 r - an uncursed ring of protection from cold
 y - the ring "Ojupekit" (left hand) {rC+ rN+ MR+ Str-4 Int+2}
   (You took it off a deep elf elementalist on level 3 of the Elven Halls)

   [ring of intelligence]

   It affects your strength (-4).
   It affects your intelligence (+2).
   It protects you from cold.
   It protects you from negative energy.
   It affects your resistance to hostile enchantments.
 Q - a +4 amulet of reflection (around neck)
 U - a ring of protection from fire (right hand)
 V - the ring "Hiseo" {rC+ rN+}
   (You found it on level 15 of the Dungeon)

   [ring of positive energy]

   It protects you from cold.
   It protects you from negative energy.
Wands
 C - a wand of iceblast (38)
 D - a wand of disintegration (7)
 E - a wand of acid (31)
 F - a wand of digging (13)
 G - a wand of random effects (18)
 P - a wand of clouds (3)
 S - a wand of scattershot (8)
Scrolls
 f - 10 scrolls of fog
 h - 4 scrolls of enchant armour
 i - 2 scrolls of vulnerability
 j - 24 scrolls of remove curse
 k - 14 scrolls of teleportation
 l - 5 scrolls of identify
 m - 4 scrolls of amnesia
 w - 5 scrolls of magic mapping
 J - 5 scrolls of fear
 L - 4 scrolls of blinking
 M - a scroll of summoning
 O - a scroll of silence
Potions
 d - 4 potions of curing
 n - 7 potions of invisibility
 o - a potion of magic
 s - 10 potions of might
 t - 4 potions of haste
 u - 2 potions of flight
 x - 5 potions of agility
 A - 10 potions of brilliance
 B - a potion of ambrosia
 H - 2 potions of resistance
 K - 10 potions of lignification
 W - 4 potions of berserk rage
Books
 I - a manual of Long Blades
Miscellaneous
 R - 5 boxes of beasts
 T - a phantom mirror
Comestibles
 c - 35 rations


   Skills:
 + Level 25.6(24.9) Fighting
 - Level 14.0(13.4) Long Blades
 - Level 15.0(14.4) Armour
 - Level 10.0(9.5) Dodging
 - Level 1.7(1.3) Stealth
 - Level 15.0(14.4) Shields
 - Level 22.0(21.3) Spellcasting
 - Level 1.1(0.7) Conjurations
 - Level 6.2(5.7) Hexes
 - Level 20.0(19.3) Summonings
 - Level 7.0(6.6) Ice Magic
 - Level 6.0(5.5) Air Magic
 - Level 10.0(9.5) Evocations


You had 29 spell levels left.
You knew the following spells:

 Your Spells              Type           Power        Failure   Level  Hunger
a - Freeze                Ice            ####         1%          1    None
c - Summon Lightning Spi  Summ/Air       #######.     1%          4    None
d - Summon Mana Viper     Hex/Summ       #######.     1%          5    None
e - Summon Hydra          Summ           ########..   1%          7    ##.....
j - Shadow Creatures      Summ           N/A          1%          6    None
q - Summon Ice Beast      Ice/Summ       #######.     1%          4    None
r - Ozocubu's Armour      Chrm/Ice       ######..     3%          3    None
s - Throw Frost           Conj/Ice       ######       1%          2    None
y - Summon Horrible Thin  Summ           ########..   10%         8    ####...

Your spell library contained the following spells:

 Spells                   Type           Power        Failure   Level  Hunger
 Confusing Touch          Hex            ######       1%          1    None
 Corona                   Hex            ######.      1%          1    None
 Shock                    Conj/Air       ####         1%          1    None
 Summon Butterflies       Summ           ########     1%          1    None
 Summon Small Mammal      Summ           ####         1%          1    None
 Call Imp                 Summ           ########     1%          2    None
 Slow                     Hex            ######..     1%          2    None
 Call Canine Familiar     Summ           ########     1%          3    None
 Confuse                  Hex            ######..     1%          3    None
 Recall                   Summ/Tloc      N/A          1%          3    None
 Summon Guardian Golem    Hex/Summ       #######.     1%          3    None
 Aura of Abjuration       Summ           ########..   1%          5    None
 Summon Demon             Summ           ########..   1%          5    None
 Monstrous Menagerie      Summ           ########..   1%          7    ##.....
 Summon Greater Demon     Summ           ########..   1%          7    ##.....
 Poisonous Vapours        Pois/Air       ######       2%          2    None
 Swiftness                Chrm/Air       ######..     2%          2    None
 Summon Forest            Summ/Tloc      #######...   2%          5    None
 Magic Dart               Conj           ####         3%          1    None
 Animate Skeleton         Necr           N/A          4%          1    None
 Flame Tongue             Conj/Fire      #####        4%          1    None
 Infusion                 Chrm           ####         4%          1    None
 Pain                     Necr           ####         4%          1    None
 Sting                    Conj/Pois      ####         4%          1    None
 Inner Flame              Hex/Fire       ######..     4%          3    None
 Portal Projectile        Hex/Tloc       ######       4%          3    None
 Spectral Weapon          Hex/Chrm       ######..     4%          3    None
 Static Discharge         Conj/Air       ######..     4%          3    None
 Airstrike                Air            ######....   4%          4    None
 Cause Fear               Hex            ######....   4%          4    None
 Mephitic Cloud           Conj/Pois/Air  ######..     5%          3    None
 Throw Flame              Conj/Fire      #####.       6%          2    None
 Blink                    Tloc           N/A          7%          2    None
 Corpse Rot               Necr           N/A          7%          2    None
 Passwall                 Tmut/Erth      #####...     7%          2    None
 Shroud of Golubria       Chrm/Tloc      #####.       7%          2    None
 Song of Slaying          Chrm           #####...     7%          2    None
 Sublimation of Blood     Necr           #####.....   7%          2    None
 Throw Icicle             Conj/Ice       ######..     10%         4    None
 Metabolic Englaciation   Hex/Ice        #######...   10%         5    None
 Conjure Flame            Conj/Fire      #####...     11%         3    None
 Fulminant Prism          Conj/Hex       ######....   11%         4    None
 Ice Form                 Ice/Tmut       ######..     11%         4    None
 Silence                  Hex/Air        ######....   11%         5    None
 Gell's Gravitas          Tloc           #####.....   12%         3    None
 Ignite Poison            Fire/Tmut/Pois #####...     12%         3    None
 Lesser Beckoning         Tloc           #####.....   12%         3    None
 Regeneration             Chrm/Necr      #####.....   12%         3    None
 Teleport Other           Tloc           #####...     12%         3    None
 Vampiric Draining        Necr           #####.....   12%         3    None
 Leda's Liquefaction      Hex/Erth       ######....   13%         4    None
 Lightning Bolt           Conj/Air       ######....   28%         5    None
 Force Lance              Conj/Tloc      #####...     30%         4    None
 Sticky Flame             Conj/Fire      #####...     30%         4    None
 Yara's Violent Unravell  Hex/Tmut       ######....   30%         5    None
 Animate Dead             Necr           N/A          34%         4    None
 Petrify                  Tmut/Erth      #####...     34%         4    None
 Ozocubu's Refrigeration  Ice            #######...   34%         6    None
 Darkness                 Hex            ######....   45%         6    None
 Invisibility             Hex            ######..     45%         6    None
 Spellforged Servitor     Conj/Summ      #######...   45%         7    ##.....
 Malign Gateway           Summ/Tloc      #######...   47%         7    ##.....
 Bolt of Draining         Conj/Necr      #####.....   63%         5    None
 Fireball                 Conj/Fire      #####.....   63%         5    None
 Irradiate                Conj/Tmut      #####.....   63%         5    None
 Iskenderun's Battlesphe  Conj/Chrm      #####...     63%         5    None
 Venom Bolt               Conj/Pois      #####.....   63%         5    None
 Bolt of Magma            Conj/Fire/Erth #####.....   65%         5    None
 Freezing Cloud           Conj/Ice/Air   ######....   65%         6    None
 Agony                    Necr           #####...     67%         5    None
 Borgnjor's Vile Clutch   Necr/Erth      #####.....   67%         5    None
 Dispel Undead            Necr           #####...     67%         5    None
 Excruciating Wounds      Chrm/Necr      #####.....   67%         5    None
 Lee's Rapid Deconstruct  Erth           #####.....   67%         5    None
 Bolt of Cold             Conj/Ice       ######....   73%         6    None
 Simulacrum               Ice/Necr       ######....   78%         6    None
 Deflect Missiles         Chrm/Air       ######....   85%         6    None
 Bolt of Fire             Conj/Fire      #####.....   99%         6    None
 Death Channel            Necr           #####.....   99%         6    None
 Iron Shot                Conj/Erth      #####.....   99%         6    None
 Orb of Destruction       Conj           #####.....   100%        7    ##.....
 Discord                  Hex            ######....   100%        8    ####...
 Disjunction              Tloc           #####.....   100%        8    ####...
 Passage of Golubria      Tloc           Unusable     N/A         4    N/A

Dungeon Overview and Level Annotations

Branches:
Dungeon (15/15)            Temple (0/1) D:5            Lair (6/6) D:9
  Swamp (4/4) Lair:4        Snake (4/4) Lair:2        Slime (0/5) Lair:6
    Orc (2/2) D:12            Elf (3/3) Orc:2        Vaults (5/5) D:14
  Crypt (0/3) Vaults:3     Depths (5/5) D:15            Zot (5/5) Depths:5
 Bailey (visited)

Altars:
Ashenzari
Elyvilon
Gozag
Nemelex Xobeh
Okawaru
Qazlal
Sif Muna
Trog
Vehumet
Xom
Yredelemnul
Jiyva
Lugonu

Shops:
D:3 *   D:11 ?   D:12 (   D:13 (   Orc:2 [(=*   Elf:2 *(   Elf:3 }
Lair:1 }:([*   Vaults:2 !(   Zot:3 *   Depths:3 =   Depths:5 **(

Portals:
Hell: Depths:1 Depths:2 Depths:3 Depths:4 Depths:5
Abyss: Depths:3 Depths:4 Depths:5
Pandemonium: Depths:3 Depths:4
Ziggurat: Depths:2

Annotations:
D:6 IMPORTANT VAULT DO ASAP
D:10 book need flying, exclusion: downstairs
Orc:1 Good loot but scary
Elf:2 3 runed translucent doors
Vaults:3 3 runed translucent doors, corvin's ghost, veteran TrBe
Zot:5 exclusion: obsidian statue


Innate Abilities, Weirdness & Mutations

Shadows flee at your approach. (+LOS)
You can swim through water.
You cover ground slowly.
You can hop long distances.
You have a beak for a mouth.
Your mind is acute. (Int +2)
You are very frail. (-20% HP)
You passively map a small area around you.
Your spells are a little harder to cast, but a little more powerful.


Message History

Unknown command.
Unknown command.
Unknown command.
You are confused.
You feel invigorated.
Your large abomination disappears in a puff of smoke! x2
Beco Cia hits you but does no damage.
The profane servitor hits you with a +3 whip!
* * * LOW HITPOINT WARNING * * *
The profane servitor draws strength from your injuries!
The profane servitor hits you but does no damage.
Your large abomination hits Beco Cia but does no damage.
Your large abomination hits the eldritch tentacle!!
Your large abomination misses the profane servitor.
The eldritch tentacle slaps your large abomination but does no damage.
The eldritch tentacle claws your large abomination!
The eldritch tentacle shocks your large abomination!!
Beco Cia hits you!!
You die...
Your body crumbles into a pile of gold.

#.............###########+#######
#.............#......####..###..#
#.............#....(.......'.....
#.............#....>.......#.....
#.............#............#.....
#.............######'#####+##'###
.......####.........──........(..
.......'..#.......Xw..*..........
......[#..#.....@X...............
.......#..#....X&A...............
.......#..#.....§§...............
#####'##..#....§##############+##
...#......#.....'...#.....<......
...#......#.....#...#............
...'......#.....#...#...<........
...#......#.....#...#.....^...(..
...#......#.....#...#............


You could see Beco Cia, a profane servitor, an eldritch tentacle and 3 friendly
large abominations.

Vanquished Creatures
  A shard shrike (Zot:1)
  2 curse toes
  A caustic shrike (Depths:4)
  A golden dragon (Zot:2)
  Jory (Depths:4)
  An electric golem (Zot:4)
  4 tentacled monstrosities
  11 Orb Guardians
  2 liches
  A quicksilver dragon (Zot:3)
  A tentacled starspawn (Abyss:4)
  A deep elf master archer (Elf:3)
  Frances (D:14)
  2 thorn hunters
  A death cob (Zot:4)
  A sphinx (Depths:4)
  8 storm dragons
  4 shadow dragons
  Kirke (D:13)
  A tengu reaver (Vaults:5)
  2 draconian monks
  A nagaraja (Snake:4)
  6 frost giants
  2 fire giants (Depths:3)
  2 draconian scorchers
  2 deep elf sorcerers
  A deep elf elementalist (Elf:3)
  3 draconian annihilators
  4 draconian stormcallers (Zot:3)
  5 ironheart preservers
  4 very ugly things
  A vampire knight (Depths:1)
  6 deep elf demonologists
  A green draconian (Zot:4)
  4 stone giants
  A deep elf annihilator (D:14)
  3 black draconians
  3 red draconians
  2 spark wasps (Depths:2)
  6 ettins
  4 white draconians
  3 deep elf death magi
  5 fire dragons
  2 crystal guardians
  A deep elf high priest (Elf:1)
  7 yaktaur captains
  2 great orbs of eyes
  11 ice dragons
  2 naga warriors
  3 vault guards
  A shambling mangrove (Swamp:2)
  6 hydras
  3 centaur warriors
  7 anacondas
  8 two-headed ogres
  2 death knights
  3 deep troll shamans (Depths:2)
  3 alligators
  A deep troll earth mage (Depths:3)
  2 ogre magi
  An orc high priest (Elf:3)
  A naga sharpshooter (Snake:4)
  A shock serpent (Snake:2)
  2 tengu warriors
  A thrashing horror (Abyss:4)
  3 hell knights (Depths:4)
  8 deep elf knights
  A fire crab (D:15)
  A shadow wraith (Vaults:3)
  A wretched star (Abyss:4)
  3 unseen horrors
  A salamander mystic (Snake:3)
  2 glowing orange brains
  4 deep trolls
  2 swamp dragons (Swamp:1)
  A deep troll (shapeshifter) (Depths:3)
  9 deep elf archers
  An orange crystal statue (Zot:5)
  A flayed ghost (Depths:4)
  3 ironbrand convokers
  A naga ritualist (Snake:3)
  3 phantasmal warriors (Vaults:5)
  A necromancer (Vaults:1)
  35 deep elf magi
  7 harpies
  An orc knight (Vaults:4)
  A human zombie (Vaults:1)
  2 mana vipers (Snake:1)
  5 moths of wrath
  A wolf spider (D:15)
  2 manticores
  An orc sorcerer (Depths:3)
  12 ugly things
  3 salamanders
  4 elephants (Lair:6)
  6 cyclopes
  A human skeleton (Vaults:1)
  3 guardian serpents (Snake:4)
  3 large abominations (Abyss:4)
  5 vault sentinels
  4 naga magi
  2 gargoyles
  3 molten gargoyles (Lair:6)
  A guardian serpent (shapeshifter) (D:15)
  A black mamba (shapeshifter) (D:15)
  18 black mambas
  10 spiny frogs
  8 yaktaurs
  An orange demon (Abyss:4)
  8 komodo dragons
  A kobold demonologist (D:15)
  A rime drake (shapeshifter) (D:15)
  4 freezing wraiths
  An ancient zyme (Abyss:4)
  A queen bee (shapeshifter) (Depths:4)
  3 trolls
  2 tyrant leeches
  A meliai (Abyss:4)
  3 hornets
  A shadow dragon simulacrum (Vaults:3)
  A polar bear (Lair:5)
  A blink frog (Lair:2)
  12 hippogriffs
  3 bog bodies
  10 slime creatures
  A starcursed mass (Abyss:4)
  7 air elementals
  4 shadows
  A redback (shapeshifter) (Depths:1)
  A ynoxinul (Abyss:4)
  6 wyverns
  5 wraiths
  23 yaks
  5 water elementals
  A hog (D:13)
  A basilisk (D:14)
  A fire bat (D:14)
  2 steam dragons
  2 fire elementals
  A neqoxec (Abyss:4)
  8 vampire mosquitoes
  A hungry ghost (D:12)
  A steam dragon (shapeshifter) (D:15)
  2 wargs
  3 acid dragons (D:15)
  A soldier ant (shapeshifter) (D:15)
  15 swamp worms
  8 nagas
  4 insubstantial wisps
  A two-headed ogre zombie (D:12)
  6 water moccasins
  A floating eye (Depths:3)
  A hell hound (Lair:6)
  6 swamp drakes
  4 ice beasts
  9 porcupines
  14 orc warriors
  An eye of draining (shapeshifter) (D:15)
  A black bear (D:11)
  A small abomination (Abyss:4)
  2 sky beasts
  2 eyes of draining (D:14)
  16 ogres
  9 wolves
  10 centaurs
  3 crocodiles
  An elf skeleton (Vaults:1)
  2 big kobolds
  12 bullfrogs
  An earth elemental (Elf:2)
  A water moccasin skeleton (D:5)
  2 scorpions
  A wyvern skeleton (D:10)
  10 killer bees
  6 wights
  A troll zombie (D:12)
  4 howler monkeys
  5 lava snakes (Lair:6)
  A crimson imp (D:12)
  A bullfrog zombie (D:9)
  10 centaur zombies
  An iron imp (Abyss:4)
  2 hounds
  2 jellies
  A quasit (Depths:4)
  2 centaur skeletons
  A gnoll shaman (D:6)
  5 orc priests
  An iguana (D:12)
  4 orc wizards
  5 worker ants
  2 ogre zombies (D:12)
  A hound skeleton (D:6)
  3 gnolls (D:10)
  15 adders
  3 shadow imps
  A white imp (Depths:3)
  2 adder skeletons (D:4)
  5 worms
  3 dart slugs
  4 leopard geckos
  24 orcs
  3 ball pythons (D:4)
  2 giant cockroaches (D:4)
  13 goblins
  9 hobgoblins
  14 jackals
  4 quokkas
  6 bats
  5 frilled lizards
  2 hobgoblin zombies (D:12)
  35 kobolds
  3 leopard gecko skeletons
  6 orc zombies (D:12)
  A quokka skeleton (D:4)
  5 rats
  A fungus (D:15)
  A plant (D:15)
872 creatures vanquished.

Vanquished Creatures (collateral kills)
  9 orbs of fire
  2 ancient liches
  2 juggernauts
  Sojobo (Vaults:3)
  2 Killer Klowns (Zot:5)
  A shard shrike (Zot:1)
  Margery (Depths:4)
  Vashnia (Snake:4)
  A caustic shrike (shapeshifter) (Depths:4)
  3 caustic shrikes
  6 golden dragons
  A curse toe (Zot:2)
  4 electric golems
  Jorgrun (Orc:2)
  10 tentacled monstrosities
  3 liches
  12 Orb Guardians (Zot:5)
  A deep elf master archer (Elf:3)
  4 quicksilver dragons
  2 deep elf blademasters (Elf:3)
  A tentacled starspawn (Abyss:4)
  2 sphinxes
  3 death cobs
  A thorn hunter (Swamp:4)
  Donald (Elf:2)
  6 draconian monks
  10 nagarajas
  12 storm dragons
  5 tengu reavers
  8 shadow dragons
  2 fire giants (Depths:4)
  12 frost giants
  8 vault wardens
  A draconian shifter (Zot:5)
  3 draconian scorchers
  An orc warlord (Bailey)
  4 draconian knights
  Aizul (Snake:4)
  An iron dragon (Vaults:5)
  2 cacodemons (Abyss:4)
  Louise (Elf:3)
  6 deep elf sorcerers
  6 deep elf elementalists (Elf:3)
  3 draconian annihilators
  A spriggan defender (Depths:1)
  16 stone giants
  9 ironheart preservers
  6 draconian stormcallers
  A ghoul (Vaults:3)
  18 very ugly things
  2 war gargoyles
  8 green draconians
  4 starcursed masses (Abyss:4)
  8 black draconians
  4 deep elf demonologists
  The ghost of Hianuib the Fighter, a journeyman GrFi of the Shining One (Orc:1)
  Nessos (Lair:5)
  A vampire knight (Depths:2)
  6 deep elf annihilators
  9 purple draconians
  5 white draconians
  A spark wasp (Depths:2)
  An eidolon (Abyss:4)
  3 red draconians
  6 yellow draconians
  3 deep elf death magi
  7 fire dragons
  7 ettins
  3 crystal guardians
  4 deep elf high priests
  A great orb of eyes (D:15)
  10 vault guards
  2 rakshasas
  11 yaktaur captains
  4 ice dragons
  4 ghost crabs
  6 naga warriors
  A catoblepas (Lair:3)
  16 hydras
  Erica (D:9)
  A shambling mangrove (Swamp:4)
  13 ogre magi
  2 spriggan air magi (Depths:4)
  6 centaur warriors
  23 two-headed ogres
  10 alligators
  3 death knights (Vaults:3)
  11 anacondas
  7 dancing weapons
  2 death yaks
  2 hell hogs (Abyss:4)
  5 tengu warriors
  2 thrashing horrors (Abyss:4)
  3 deep troll shamans
  12 naga sharpshooters
  10 deep troll earth magi
  6 shock serpents
  5 spriggan berserkers
  14 deep elf knights
  10 hell knights
  Sonja (Lair:3)
  A sun demon (Abyss:4)
  The ghost of sneaky the Cleaver, a novice MiFi of Trog (D:6)
  2 iron trolls
  3 shadow wraiths
  5 salamander mystics
  3 skeletal warriors
  3 fire crabs (shapeshifter)
  3 wretched stars (Abyss:4)
  2 sea snakes (Snake:2)
  2 spriggan druids (Swamp:3)
  2 sixfirhies (Abyss:4)
  27 deep trolls
  An unseen horror (D:15)
  2 glowing orange brains
  2 flayed ghosts
  A deep troll (shapeshifter) (Depths:2)
  A lindwurm (Lair:6)
  9 swamp dragons
  7 wizards
  A necromancer (Depths:4)
  7 ironbrand convokers
  10 naga ritualists
  7 deep elf archers
  6 harpies
  6 orc knights
  2 mana vipers (shapeshifter)
  10 mana vipers
  14 ugly things
  37 deep elf magi
  An orc sorcerer (Vaults:4)
  5 wolf spiders
  A shining eye (shapeshifter) (Vaults:5)
  2 elephants (Lair:6)
  8 cyclopes
  2 worldbinders (Abyss:4)
  11 guardian serpents
  15 salamanders
  6 vault sentinels
  13 moths of wrath
  Maurice (D:8)
  A centaur zombie (D:15)
  2 torpor snails
  21 naga magi
  19 black mambas
  2 gargoyles (Depths:3)
  7 spiny frogs
  2 rime drakes
  A hog (shapeshifter) (Vaults:5)
  3 tengu conjurers
  30 yaktaurs
  2 efreet (D:15)
  4 freezing wraiths
  7 komodo dragons
  An ancient zyme (Abyss:4)
  A wind drake (shapeshifter) (D:8)
  3 meliai (Abyss:4)
  A queen bee (shapeshifter) (Vaults:4)
  7 trolls
  5 tyrant leeches
  11 slime creatures
  A raiju (Abyss:4)
  2 blink frogs (Lair:2)
  Prince Ribbit (D:9)
  A hornet (shapeshifter) (D:13)
  7 hornets
  2 large abominations (Abyss:4)
  8 bog bodies
  2 hippogriffs
  A dream sheep (Lair:4)
  A flying skull (Abyss:4)
  5 spriggans
  2 wyverns
  A yak (shapeshifter) (Vaults:5)
  19 yaks
  2 fire bats (D:14)
  A shadow (Swamp:4)
  A chaos spawn (Abyss:4)
  2 fire elementals
  2 neqoxecs (Abyss:4)
  3 steam dragons
  5 hungry ghosts
  9 vampire mosquitoes
  4 basilisks
  A basilisk (shapeshifter) (Vaults:1)
  54 nagas
  A spatial vortex (Depths:5)
  12 wargs
  6 swamp worms
  11 insubstantial wisps
  3 hell hounds (Lair:6)
  A two-headed ogre zombie (D:12)
  2 acid dragons
  A water moccasin (shapeshifter) (Vaults:4)
  4 water moccasins
  3 porcupines
  A sky beast (D:15)
  5 swamp drakes (Swamp:4)
  12 orc warriors
  2 ice beasts
  A black bear (D:11)
  2 phantoms
  14 ogres
  An eye of draining (D:12)
  6 boggarts
  12 centaurs
  17 wolves
  3 crocodiles
  2 big kobolds
  7 bullfrogs
  2 gnoll sergeants
  3 earth elementals
  A water moccasin zombie (D:7)
  A scorpion (D:8)
  37 killer bees
  16 wights
  3 electric eels
  2 howler monkeys (D:14)
  5 lava snakes (Snake:3)
  3 crimson imps
  A quasit (D:6)
  6 orc priests
  A bullfrog skeleton (D:9)
  3 jellies
  A hound (D:9)
  10 orc wizards
  3 centaur skeletons
  An iguana (D:6)
  A killer bee zombie (D:5)
  3 ogre zombies (D:12)
  8 gnolls
  An adder (D:6)
  A shadow imp (D:12)
  An adder skeleton (D:7)
  33 orcs
  A jackal (D:6)
  A quokka (D:6)
  A goblin zombie (D:12)
  A hobgoblin skeleton (D:12)
  8 kobolds
  A leopard gecko zombie (D:6)
  3 orc skeletons (D:12)
  12 orc zombies (D:12)
  2 briar patches
  5 fungi
  A lurking horror (Abyss:4)
  2 plants
  3 starspawn tentacles (Abyss:4)
1332 creatures vanquished.

Vanquished Creatures (others)
  A Killer Klown (Zot:5)
  Frederick (Vaults:2)
  An Orb Guardian (Zot:5)
  Asterion (Snake:4)
  A titan (Vaults:5)
  An eldritch tentacle (Zot:5)
  2 sphinxes (Vaults:5)
  A tengu reaver (Vaults:3)
  A draconian monk (Zot:5)
  A draconian knight (Zot:4)
  An iron dragon (Vaults:5)
  A fire giant (Vaults:5)
  An orc warlord (Vaults:5)
  A deep elf sorcerer (Vaults:5)
  A ghoul (Vaults:3)
  2 frost giants
  4 vault wardens
  A deep elf elementalist (Vaults:5)
  2 draconian stormcallers
  A draconian annihilator (Zot:5)
  4 stone giants
  5 ironheart preservers
  A war gargoyle (Depths:3)
  2 green draconians (Zot:5)
  6 harpies
  A red draconian (Zot:2)
  An ettin (Vaults:5)
  A deep elf high priest (Vaults:5)
  An ogre mage (Depths:3)
  7 yaktaur captains (Vaults:5)
  An ice dragon (Zot:1)
  16 vault guards
  A centaur warrior (Vaults:3)
  3 two-headed ogres
  13 dancing weapons
  A thrashing horror (Abyss:4)
  A hell hog (Abyss:4)
  A deep elf knight (Vaults:5)
  3 sixfirhies (Abyss:4)
  A deep elf archer (Elf:2)
  3 ironbrand convokers
  An orc knight (Vaults:5)
  3 phantasmal warriors
  3 cyclopes
  3 deep elf magi
  3 moths of wrath
  2 ugly things
  11 vault sentinels
  2 freezing wraiths (Vaults:3)
  5 yaktaurs
  A yaktaur skeleton (Vaults:1)
  A meliai (Abyss:4)
  A hornet (Vaults:5)
  A slime creature (Vaults:1)
  A large abomination (Abyss:4)
  4 humans (D:14)
  2 wraiths (Vaults:3)
  2 fire bats (D:14)
  2 wargs (Vaults:5)
  5 orc warriors
  5 ogres
  3 boggarts (Vaults:3)
  A small abomination (Abyss:4)
  A gnoll sergeant (D:6)
  A killer bee (Abyss:4)
  2 wights
  An orc priest (Orc:1)
  An orc wizard (Vaults:5)
  9 orcs
  An orc (shapeshifter) (Vaults:5)
  3 kobolds (Bailey)
  2 briar patches (Swamp:2)
  A bush (Lair:6)
  5 fungi
  10 plants
  3 starspawn tentacles (Abyss:4)
201 creatures vanquished.

Grand Total: 2405 creatures vanquished

Notes
Turn   | Place    | Note
-------+----------+-------------------------------------------
     0 | D:1      | Napalmbreeze the Barachi Ice Elementalist began the quest
                  | for the Orb.
     0 | D:1      | Reached XP level 1. HP: 13/13 MP: 3/3
    67 | D:1      | You fall into a shaft and drop 1 floor!
   764 | D:1      | Reached skill level 1 in Fighting
   764 | D:1      | Reached XP level 2. HP: 16/21 MP: 1/5
   768 | D:1      | Learned a level 2 spell: Throw Frost
  2012 | D:2      | Reached XP level 3. HP: 26/26 MP: 5/7
  2407 | D:2      | You fall into a shaft and drop 2 floors!
  2510 | D:3      | Reached skill level 2 in Fighting
  2573 | D:3      | Found an opulent altar of Gozag.
  2574 | D:3      | Found Gozag's Platinum Reserve.
  2617 | D:3      | Became a worshipper of Gozag Ym Sagoz the Greedy
  2675 | D:3      | Reached XP level 4. HP: 33/33 MP: 6/8
  2842 | D:3      | Learned a level 4 spell: Summon Ice Beast
  3559 | D:3      | Reached skill level 1 in Summonings
  3559 | D:3      | Reached XP level 5. HP: 39/39 MP: 3/10
  4005 | D:4      | Reached skill level 3 in Fighting
  4050 | D:4      | Reached skill level 5 in Ice Magic
  4174 | D:4      | Reached XP level 6. HP: 39/47 MP: 7/11
  4614 | D:5      | Entered Level 5 of the Dungeon
  4708 | D:5      | Reached skill level 4 in Fighting
  5238 | D:5      | Noticed a neqoxec
  5408 | D:5      | Found a staircase to the Ecumenical Temple.
  5651 | D:5      | Found a shimmering blue altar of Sif Muna.
  5654 | D:5      | Found an iron altar of Okawaru.
  5657 | D:5      | Found a white marble altar of Elyvilon.
  5782 | D:5      | Reached XP level 7. HP: 22/54 MP: 9/14
  5979 | D:6      | Reached skill level 5 in Spellcasting
  5987 | D:6      | Noticed a steam dragon
  6018 | D:6      | Killed a steam dragon
  6026 | D:6      | Reached skill level 5 in Summonings
  6067 | D:6      | Noticed a steam dragon
  6265 | D:6      | Found a transporter.
  6279 | D:6      | Noticed sneaky's ghost (novice MiFi)
  6488 | D:6      | Killed a steam dragon
  6488 | D:6      | Reached XP level 8. HP: 20/61 MP: 6/17
  6831 | D:6      | Found a transporter.
  6958 | D:7      | Learned a level 4 spell: Summon Lightning Spire
  7293 | D:7      | Reached skill level 5 in Fighting
  7836 | D:7      | You fall into a shaft and drop 1 floor!
  7908 | D:8      | Noticed a wind drake
  7917 | D:8      | Killed a wind drake
  7917 | D:8      | Reached skill level 1 in Long Blades
  8441 | D:8      | Noticed Maurice
  8512 | D:8      | Found a radiant altar of Vehumet.
  8518 | D:8      | Reached XP level 9. HP: 66/69 MP: 18/18
  8523 | D:8      | Reached skill level 1 in Air Magic
  8566 | D:8      | Reached skill level 6 in Fighting
  8811 | D:8      | Killed Maurice
  8830 | D:8      | Found a basalt altar of Yredelemnul.
  8849 | D:8      | Reached skill level 5 in Long Blades
  9071 | D:9      | Noticed Erica
  9082 | D:9      | Killed Erica
  9103 | D:9      | Noticed Prince Ribbit
  9128 | D:9      | Killed Prince Ribbit
  9128 | D:9      | Reached skill level 7 in Fighting
  9430 | D:9      | Reached XP level 10. HP: 74/79 MP: 21/21
  9578 | D:9      | Found a staircase to the Lair.
 10055 | D:9      | Reached skill level 8 in Fighting
 10225 | D:9      | Noticed a two-headed ogre
 10235 | D:9      | Killed a two-headed ogre
 10235 | D:9      | Reached skill level 10 in Long Blades
 10487 | D:9      | Learned a level 3 spell: Ozocubu's Armour
 10488 | D:10     | Entered Level 10 of the Dungeon
 10741 | D:10     | Reached skill level 9 in Fighting
 11229 | D:11     | Reached skill level 10 in Fighting
 11403 | D:11     | Noticed a cyan ugly thing
 11419 | D:11     | Killed a cyan ugly thing
 11526 | D:11     | HP: 3/86 [something (3)]
 11530 | D:11     | Killed an unseen horror
 11530 | D:11     | Reached XP level 11. HP: 15/92 MP: 1/23
 12252 | D:11     | Reached skill level 5 in Air Magic
 12363 | D:11     | Found Vezued's Magic Scroll Emporium.
 12366 | D:11     | Bought a scroll of identify for 24 gold pieces
 12366 | D:11     | Bought a scroll of identify for 24 gold pieces
 12366 | D:11     | Bought a scroll of identify for 24 gold pieces
 12366 | D:11     | Bought a scroll of identify for 24 gold pieces
 12366 | D:11     | Bought 2 scrolls of identify for 48 gold pieces
 12366 | D:11     | Bought a scroll of identify for 24 gold pieces
 12398 | D:11     | Reached skill level 11 in Fighting
 12618 | D:6      | Killed sneaky's ghost
 12780 | Lair:1   | Entered Level 1 of the Lair of Beasts
 13933 | Lair:2   | Found a staircase to the Snake Pit.
 14065 | Lair:2   | Reached skill level 5 in Dodging
 14268 | Lair:2   | Reached XP level 12. HP: 45/101 MP: 9/25
 15231 | Lair:3   | Noticed a catoblepas
 15240 | Lair:3   | Noticed Sonja
 15262 | Lair:3   | Killed a catoblepas
 15262 | Lair:3   | Reached skill level 12 in Fighting
 15273 | Lair:3   | Killed Sonja
 16758 | Lair:4   | Found a radiant altar of Vehumet.
 16800 | Lair:4   | Reached skill level 10 in Spellcasting
 17425 | Lair:4   | Found a staircase to the Swamp.
 17874 | Lair:5   | Noticed Nessos
 17886 | Lair:5   | Killed Nessos
 18258 | Lair:5   | Noticed a four-headed hydra
 18265 | Lair:5   | Killed a four-headed hydra
 18463 | Lair:5   | Noticed an eight-headed hydra
 18478 | Lair:5   | Killed an eight-headed hydra
 18483 | Lair:5   | Gained mutation: You can hop long distances. [Barachi
                  | growth]
 18483 | Lair:5   | Reached XP level 13. HP: 101/108 MP: 17/27
 19100 | Lair:6   | Entered Level 6 of the Lair of Beasts
 19602 | Lair:6   | Reached skill level 10 in Summonings
 19788 | Lair:6   | Learned a level 5 spell: Summon Mana Viper
 19900 | Lair:6   | Reached skill level 1 in Hexes
 20296 | Lair:6   | Found a viscous altar of Jiyva.
 20296 | Lair:6   | Found a staircase to the Slime Pits.
 21087 | Lair:6   | Found a large runed translucent door.
 21125 | Lair:6   | Found a large runed translucent door.
 21375 | Lair:6   | Noticed a fire dragon
 21887 | Lair:6   | Killed a fire dragon
 22236 | Lair:1   | Bought a scroll of identify for 50 gold pieces
 22238 | Lair:1   | Bought a +1 helmet of intelligence for 247 gold pieces
 22238 | Lair:1   | Bought the +5 robe of Night {Dark MR+ SInv} for 900 gold
                  | pieces
 22238 | Lair:1   | Found the +5 robe of Night {Dark MR+ SInv}
 22464 | D:12     | Found a staircase to the Orcish Mines.
 22485 | D:12     | Found Fiantuf's Antique Weapon Boutique.
 22856 | D:12     | Learned a level 7 spell: Summon Hydra
 23301 | Orc:1    | Entered Level 1 of the Orcish Mines
 23368 | Orc:1    | Noticed a stone giant
 23532 | Orc:1    | Killed a stone giant
 23668 | Orc:1    | Found a transporter.
 23781 | Orc:1    | Found a bloodstained altar of Trog.
 24004 | Orc:1    | Noticed Hianuib's ghost (journeyman GrFi)
 24012 | Orc:1    | Found a transporter.
 24102 | Orc:1    | Noticed an ettin
 24110 | Orc:1    | Killed an ettin
 24176 | Orc:2    | Entered Level 2 of the Orcish Mines
 24176 | Orc:2    | Found a staircase to the Elven Halls.
 24178 | Orc:2    | Noticed Jorgrun
 24199 | Orc:2    | Killed Jorgrun
 24199 | Orc:2    | Reached XP level 14. HP: 55/115 MP: 6/29
 24359 | Orc:2    | Found Conyu's Jewellery Boutique.
 24540 | Orc:2    | Found Rifun's General Store.
 24549 | Orc:2    | Reached skill level 5 in Hexes
 24593 | Orc:2    | Found Beazisir's Antique Weapon Shop.
 24593 | Orc:2    | Noticed a stone giant
 24733 | Orc:2    | Found a bloodstained altar of Trog.
 24858 | Orc:2    | Killed a stone giant
 24858 | Orc:2    | Reached skill level 10 in Dodging
 25231 | Orc:2    | Found Soadath's Antique Armour Boutique.
 25545 | D:13     | Found Tuung's Weapon Boutique.
 25601 | D:13     | Found a flagged portal.
 25620 | Bailey   | Entered a bailey
 25644 | Bailey   | Noticed an orc warlord
 25802 | Bailey   | Found a runed translucent gate.
 25804 | Bailey   | Found a runed translucent gate.
 25805 | Bailey   | Found a runed translucent gate.
 25895 | Bailey   | Killed an orc warlord
 26374 | D:13     | Reached skill level 13 in Fighting
 27105 | D:14     | Noticed Kirke
 27244 | D:13     | Killed Kirke
 27468 | D:14     | Noticed Frances
 27494 | D:14     | Killed Frances
 28184 | D:14     | Reached skill level 14 in Fighting
 28504 | D:14     | Found a gate to the Vaults.
 28588 | D:15     | Entered Level 15 of the Dungeon
 29285 | D:15     | Found a staircase to the Depths.
 29471 | D:15     | Found a shimmering altar of Xom.
 29471 | D:15     | Found a stormy altar of Qazlal.
 29473 | D:15     | Found a sparkling altar of Nemelex Xobeh.
 29727 | D:15     | Reached XP level 15. HP: 73/126 MP: 13/31
 30742 | D:15     | Noticed a tengu reaver
 30755 | D:15     | Killed a tengu reaver
 31847 | D:15     | Identified the cursed +0 robe of the Iron City of Dis
                  | {*Drain Regen+ rCorr Str+2}
 31872 | D:15     | Noticed a tengu reaver
 32264 | D:15     | Killed a tengu reaver
 32454 | D:15     | Got a brightly glowing granite ring
 32457 | D:15     | Identified the ring "Hiseo" {rC+ rN+} (You found it on
                  | level 15 of the Dungeon)
 32985 | Swamp:1  | Entered Level 1 of the Swamp
 33408 | Swamp:1  | Got a sheer robe
 33409 | Swamp:1  | Identified the cursed +0 robe of Alaquttu {rPois MP+9 SInv
                  | Stlth+} (You found it on level 1 of the Swamp)
 34348 | Swamp:2  | Reached skill level 15 in Summonings
 35318 | Swamp:2  | Noticed a thorn hunter
 35336 | Swamp:2  | Killed a thorn hunter
 35396 | Swamp:2  | Reached XP level 16. HP: 103/133 MP: 34/34
 35497 | Swamp:3  | Reached skill level 15 in Spellcasting
 36541 | Swamp:2  | Bought a ration for 60 gold pieces
 36541 | Swamp:2  | Bought a ration for 60 gold pieces
 36541 | Swamp:2  | Bought a ration for 60 gold pieces
 36541 | Swamp:2  | Bought a ration for 60 gold pieces
 36541 | Swamp:2  | Bought a ration for 60 gold pieces
 36541 | Swamp:2  | Bought a ration for 60 gold pieces
 36541 | Swamp:2  | Bought a ration for 60 gold pieces
 36541 | Swamp:2  | Bought a ration for 60 gold pieces
 36541 | Swamp:2  | Bought a ration for 60 gold pieces
 36541 | Swamp:2  | Bought a ration for 60 gold pieces
 37255 | Swamp:4  | Entered Level 4 of the Swamp
 38756 | Swamp:4  | Noticed a thorn hunter
 38770 | Swamp:4  | Killed a thorn hunter
 38971 | Swamp:4  | Noticed a thorn hunter
 38987 | Swamp:4  | Killed a thorn hunter
 39514 | Swamp:4  | Got a decaying rune of Zot
 39773 | Lair:1   | Bought a ration for 65 gold pieces
 39773 | Lair:1   | Bought a ration for 65 gold pieces
 39773 | Lair:1   | Bought a ration for 65 gold pieces
 39773 | Lair:1   | Bought a ration for 65 gold pieces
 39773 | Lair:1   | Bought a ration for 65 gold pieces
 39773 | Lair:1   | Bought a ration for 65 gold pieces
 39773 | Lair:1   | Bought a ration for 65 gold pieces
 39773 | Lair:1   | Bought a ration for 65 gold pieces
 39773 | Lair:1   | Bought a ration for 65 gold pieces
 40249 | Orc:1    | Killed Hianuib's ghost
 40269 | Orc:1    | Got a pair of spiked gloves
 40279 | Orc:1    | Identified the +2 pair of gloves "Reokihem" {Slay+5 SInv}
                  | (You found it on level 1 of the Orcish Mines)
 40440 | Snake:1  | Entered Level 1 of the Snake Pit
 40440 | Snake:1  | Found a runed translucent door.
 40442 | Snake:1  | Noticed a nagaraja
 40551 | Snake:1  | Got a scorched ring mail
 40562 | Snake:1  | Identified the +4 ring mail of the Failed Coup {+Inv rC+
                  | MR+ Str-5} (You found it on level 1 of the Snake Pit)
 41165 | Snake:1  | Killed a nagaraja
 43112 | Snake:3  | Reached XP level 17. HP: 140/140 MP: 26/38
 43871 | Snake:3  | Reached skill level 15 in Fighting
 44395 | Snake:4  | Entered Level 4 of the Snake Pit
 44600 | Snake:4  | Noticed Aizul
 44612 | Snake:4  | Killed Aizul
 44674 | Snake:4  | Noticed Asterion
 44686 | Snake:4  | Noticed an Executioner
 44777 | Snake:4  | Noticed Vashnia
 44784 | Snake:4  | Killed Asterion
 45170 | Snake:4  | Killed Vashnia
 47871 | Snake:4  | Got a serpentine rune of Zot
 48388 | Vaults:1 | Entered Level 1 of the Vaults
 48391 | Vaults:1 | Noticed an Executioner
 48410 | D:14     | Reached XP level 18. HP: 121/149 MP: 35/41
 49336 | Vaults:1 | Got a pair of warped boots
 49348 | Vaults:1 | Identified the +4 pair of boots of a Million Spirits
                  | {+Blink Int+3 Slay-3} (You found it on level 1 of the
                  | Vaults)
 50261 | Vaults:2 | Paralysed by a hornet for 1 turns
 50277 | Vaults:2 | Noticed Frederick
 50602 | Vaults:2 | Your ally died
 50818 | Vaults:2 | Found Ducveif's Distillery.
 50860 | Vaults:2 | Found Kedati's Antique Weapon Shop.
 51453 | Vaults:3 | Reached skill level 1 in Evocations
 51587 | Vaults:3 | Noticed Sojobo
 51602 | Vaults:3 | Killed Sojobo
 51966 | Vaults:3 | Reached skill level 5 in Evocations
 52222 | Vaults:3 | Found a staircase to the Crypt.
 52322 | Vaults:3 | Found a runed translucent gate.
 52323 | Vaults:3 | Found a runed translucent gate.
 52323 | Vaults:3 | Found a runed translucent gate.
 52336 | Vaults:3 | Noticed corvin's ghost (veteran TrBe)
 52866 | Vaults:3 | Reached XP level 19. HP: 65/155 MP: 10/43
 54193 | Vaults:4 | Noticed a lich
 54206 | Vaults:4 | Killed a lich
 54243 | Vaults:4 | Noticed a Tzitzimitl
 54735 | Vaults:4 | Reached skill level 10 in Evocations
 54869 | Vaults:4 | Noticed a lich
 54882 | Vaults:4 | Killed a lich
 57053 | Vaults:4 | Identified the Compendium of the Voyage and Contamination
 57133 | Vaults:4 | Reached skill level 16 in Fighting
 57133 | Vaults:4 | Reached XP level 20. HP: 166/166 MP: 44/44
 57134 | Vaults:4 | Reached skill level 17 in Fighting
 57134 | Vaults:4 | Reached XP level 21. HP: 174/174 MP: 45/45
 57191 | Vaults:5 | Entered Level 5 of the Vaults
 57889 | Vaults:5 | Identified the amulet of Fezosiomod {Fragile Regen+ MP+9
                  | Slay+5 Stlth+}
 57900 | Vaults:5 | Noticed a golden dragon
 57915 | Vaults:5 | Killed a golden dragon
 57933 | Vaults:5 | Got an iridescent falchion
 57934 | Vaults:5 | Identified the +8 falchion "Ycamysh" {slice, rC- rN+ Str+7
                  | Stlth-} (You found it on level 5 of the Vaults)
 58058 | Vaults:5 | Identified the +4 scimitar of Corruption {freeze, *Noise
                  | rN+ MR++}
 58183 | Vaults:5 | Identified the +8 shortbow of the Ass {velocity, Int+2
                  | Dex+3}
 58612 | Vaults:5 | Identified the cursed +1 demon trident of Obsession {elec,
                  | Str+3}
 58634 | Vaults:5 | Reached skill level 18 in Fighting
 58723 | Vaults:5 | Noticed a golden dragon
 58829 | Vaults:5 | Killed a golden dragon
 59093 | Vaults:5 | Reached XP level 22. HP: 129/184 MP: 47/47
 59281 | Vaults:5 | Learned a level 6 spell: Shadow Creatures
 59454 | Vaults:5 | Identified the Compendium of Displaced Attacks
 59680 | Vaults:5 | Identified Tositutt's Disquisition on the Arsonist
 59685 | Vaults:5 | Got a silver rune of Zot
 60186 | Elf:1    | Entered Level 1 of the Elven Halls
 60193 | Elf:1    | Reached skill level 5 in Shields
 60208 | Elf:1    | Reached skill level 1 in Armour
 61314 | Elf:1    | Identified the Guide on Confrontation
 61931 | Elf:2    | Found Ixyngeghus's Food Shop.
 61984 | Elf:2    | Found Faosm's General Store.
 61999 | Elf:2    | Bought a ration for 55 gold pieces
 61999 | Elf:2    | Bought a ration for 55 gold pieces
 61999 | Elf:2    | Bought a ration for 55 gold pieces
 61999 | Elf:2    | Bought a ration for 55 gold pieces
 61999 | Elf:2    | Bought a ration for 55 gold pieces
 61999 | Elf:2    | Bought a ration for 55 gold pieces
 61999 | Elf:2    | Bought a ration for 55 gold pieces
 61999 | Elf:2    | Bought a ration for 55 gold pieces
 61999 | Elf:2    | Bought a ration for 55 gold pieces
 61999 | Elf:2    | Bought a ration for 55 gold pieces
 61999 | Elf:2    | Bought a ration for 55 gold pieces
 61999 | Elf:2    | Bought a ration for 55 gold pieces
 62501 | Elf:2    | Found Log Xics's Weapon Shoppe.
 62537 | Elf:2    | Reached skill level 5 in Armour
 62668 | Elf:2    | Noticed Donald
 62687 | Elf:2    | Killed Donald
 62754 | Elf:2    | Found a runed translucent gate.
 62754 | Elf:2    | Found a runed translucent gate.
 62754 | Elf:2    | Found a runed translucent gate.
 63376 | Elf:3    | Entered Level 3 of the Elven Halls
 63446 | Elf:3    | Found Egomuita's Gadget Boutique.
 63770 | Elf:3    | Reached skill level 10 in Shields
 64148 | Elf:3    | Found Egomuita's Gadget Boutique.
 64350 | Elf:3    | Noticed Louise
 64390 | Elf:3    | Killed Louise
 64665 | Elf:3    | Identified the ring "Ojupekit" {rC+ rN+ MR+ Str-4 Int+2}
 65281 | Elf:3    | Identified the cursed +0 long sword of Insufficient
                  | Pleasure {slice, -Tele rElec Str+4 Stlth+}
 65282 | Elf:3    | Identified the ring "Pimar" {rN+ AC+2 Int-4 Dex+3}
 65290 | Elf:3    | Identified the ring "Lelauh" {Fire -Tele rPois Str+4 Dex+8}
 65315 | Elf:3    | Identified the +7 broad axe of Reinforcement {chop, Str+2}
 65315 | Elf:3    | Identified the ring "Soll" {*Slow rN+++ Slay+2 SInv Stlth+}
 65932 | Elf:3    | Got an encrusted ring mail
 65936 | Elf:3    | Got a bloodstained ring mail
 65939 | Elf:3    | Identified the +1 ring mail of Wafomal {Str+4} (You found
                  | it on level 3 of the Elven Halls)
 65940 | Elf:3    | Identified the +4 ring mail "Foiblodgh" {rCorr Int+8 Dex-4}
                  | (You found it on level 3 of the Elven Halls)
 66558 | Depths:1 | Entered Level 1 of the Depths
 66691 | Depths:1 | Found a gateway to Hell.
 66830 | Depths:1 | Noticed a caustic shrike
 66848 | Depths:1 | Killed a caustic shrike
 67096 | Depths:1 | Reached XP level 23. HP: 176/190 MP: 18/49
 67904 | Depths:2 | Found a gateway to a ziggurat.
 67931 | Depths:2 | HP: 1/190 [stone giant/large rock (38)]
 68814 | Depths:2 | Reached skill level 10 in Armour
 70755 | Lair:1   | Bought a Grand Grimoire for 1435 gold pieces
 70766 | Lair:1   | Learned a level 8 spell: Summon Horrible Things
 71100 | Depths:3 | Paralysed by a floating eye for 4 turns
 71107 | Depths:3 | Paralysed by a floating eye for 3 turns
 71177 | Depths:3 | Found Vem Wimp's Jewellery Shop.
 71211 | Depths:3 | Bought a ring of the Octopus King {AC+1 EV+1 Str+1 Int+1
                  | Dex+1 SInv} for 697 gold pieces
 71211 | Depths:3 | Found the ring of the Octopus King {AC+1 EV+1 Str+1 Int+1
                  | Dex+1 SInv}
 72127 | Depths:3 | Noticed an ancient lich
 72153 | Depths:3 | Killed an ancient lich
 72191 | Depths:3 | Got a scintillating silver ring
 72192 | Depths:3 | Identified the ring of the Bull {*Contam rF+ rN++} (You
                  | found it on level 3 of the Depths)
 72244 | Depths:3 | Found a one-way gate leading to the halls of Pandemonium.
 72375 | Depths:3 | Reached skill level 15 in Shields
 72643 | Depths:3 | Found a one-way gate to the infinite horrors of the Abyss.
 72967 | Depths:4 | Noticed a golden dragon
 72977 | Depths:4 | Killed a golden dragon
 73015 | Depths:4 | Noticed a caustic shrike
 73015 | Depths:4 | Noticed a caustic shrike
 73018 | Depths:4 | Noticed a caustic shrike
 73023 | Depths:4 | Killed a caustic shrike
 73032 | Depths:4 | Killed a caustic shrike
 73033 | Depths:4 | Killed a caustic shrike
 73250 | Depths:4 | Noticed Jory
 73265 | Depths:4 | Killed Jory
 73334 | Depths:4 | Noticed Margery
 73340 | Depths:4 | Killed Margery
 73909 | Depths:4 | Noticed a juggernaut
 73926 | Depths:4 | Killed a juggernaut
 73970 | Depths:4 | Noticed a golden dragon
 73980 | Depths:4 | Killed a golden dragon
 73980 | Depths:4 | Reached XP level 24. HP: 175/200 MP: 14/49
 74040 | Depths:4 | Reached skill level 19 in Fighting
 74458 | Depths:4 | You fall into a shaft and drop 1 floor!
 74458 | Depths:5 | Entered Level 5 of the Depths
 74497 | Depths:4 | Noticed a caustic shrike
 74497 | Depths:4 | a fire giant changed into a caustic shrike
 74508 | Depths:4 | Killed a caustic shrike
 74665 | Depths:5 | Found Somuq's General Store.
 74665 | Depths:5 | Found Gics's Food Emporium.
 74679 | Depths:5 | Noticed a juggernaut
 74799 | Depths:5 | Found a corrupted altar of Lugonu.
 74800 | Depths:5 | Found Qonweffu's Antique Weapon Boutique.
 74800 | Depths:5 | Found a shattered altar of Ashenzari.
 74854 | Depths:5 | Killed a juggernaut
 75234 | Depths:5 | Bought a ration for 65 gold pieces
 75234 | Depths:5 | Bought a ration for 65 gold pieces
 75234 | Depths:5 | Bought a ration for 65 gold pieces
 75234 | Depths:5 | Bought a ration for 65 gold pieces
 75234 | Depths:5 | Bought a ration for 65 gold pieces
 75234 | Depths:5 | Bought a ration for 65 gold pieces
 75234 | Depths:5 | Bought a ration for 65 gold pieces
 75234 | Depths:5 | Bought a ration for 65 gold pieces
 75234 | Depths:5 | Bought a ration for 65 gold pieces
 75234 | Depths:5 | Bought a ration for 65 gold pieces
 75234 | Depths:5 | Bought a ration for 65 gold pieces
 75234 | Depths:5 | Bought a ration for 65 gold pieces
 75234 | Depths:5 | Bought a ration for 65 gold pieces
 75234 | Depths:5 | Bought a ration for 65 gold pieces
 75245 | Depths:5 | Bought a ration for 70 gold pieces
 76290 | Depths:5 | HP: 7/201 [black draconian monk/bolt of lightning (32)]
 76781 | Depths:5 | Found a gate to the Realm of Zot.
 76792 | Depths:5 | Bought a potion of heal wounds for 90 gold pieces
 76798 | Zot:1    | Entered Level 1 of the Realm of Zot
 77103 | Zot:1    | Reached skill level 15 in Armour
 77606 | Zot:1    | Noticed a shard shrike
 77614 | Zot:1    | Killed a shard shrike
 77676 | Zot:1    | Noticed a shard shrike
 77688 | Zot:1    | Killed a shard shrike
 78003 | Zot:1    | Reached skill level 20 in Fighting
 78160 | Zot:1    | Got a vibrating turquoise ring
 78161 | Zot:1    | Identified a scroll of acquirement
 78162 | Zot:1    | Identified the cursed ring "Puux" {Str-2 Slay+3} (You found
                  | it on level 1 of the Realm of Zot)
 78165 | Zot:1    | Got a pair of polished boots
 78166 | Zot:1    | Identified the +0 pair of boots of Koish {rC- rN+++ rCorr
                  | Dex-3} (You acquired it on level 1 of the Realm of Zot)
 78480 | Zot:2    | Noticed a curse toe
 78499 | Zot:2    | Killed a curse toe
 79444 | Zot:2    | Noticed an orb of fire
 79445 | Zot:2    | Gained mutation: You possess an exceptional clarity of
                  | mind. [an orb of fire]
 79472 | Zot:2    | Killed an orb of fire
 79756 | Zot:2    | Noticed a curse toe
 79776 | Zot:2    | Killed a curse toe
 81015 | Zot:3    | Reached XP level 25. HP: 161/213 MP: 35/49
 81567 | Zot:3    | Reached skill level 21 in Fighting
 83962 | Orc:2    | Bought a wand of digging (9) for 416 gold pieces
 84048 | Lair:1   | Bought a wand of digging (7) for 396 gold pieces
 84048 | Lair:1   | Bought a wand of clouds (3) for 378 gold pieces
 84697 | Zot:3    | Bought a phantom mirror for 540 gold pieces
 84697 | Zot:3    | Bought a potion of magic for 144 gold pieces
 84697 | Zot:3    | Bought a ration for 90 gold pieces
 85369 | Zot:4    | Reached skill level 22 in Fighting
 86755 | Zot:5    | Entered Level 5 of the Realm of Zot
 87989 | Zot:5    | Reached skill level 23 in Fighting
 88649 | Zot:5    | Noticed an orb of fire
 88674 | Zot:5    | Noticed an orb of fire
 88680 | Zot:4    | Gained mutation: Your body sometimes deteriorates upon
                  | taking damage. [an orb of fire]
 88686 | Zot:4    | Killed an orb of fire
 88895 | Zot:4    | Gained mutation: Scrolls take you a little longer to read.
                  | [an orb of fire]
 88898 | Zot:4    | Killed an orb of fire
 88950 | Zot:5    | Noticed an orb of fire
 89298 | Zot:5    | Noticed an orb of fire
 89305 | Zot:5    | Gained mutation: Your magical capacity is low. (-10% MP)
                  | [an orb of fire]
 89306 | Zot:5    | Noticed an orb of fire
 89309 | Zot:5    | Killed an orb of fire
 89310 | Zot:5    | Gained mutation: You are frail. (-10% HP) [an orb of fire]
 89310 | Zot:5    | Gained mutation: You are dopey. (Int -2) [an orb of fire]
 89325 | Zot:4    | Killed an orb of fire
 89573 | Zot:5    | Noticed an orb of fire
 89583 | Zot:5    | Killed an orb of fire
 89583 | Zot:5    | Reached skill level 24 in Fighting
 89777 | Zot:5    | Gained mutation: Scrolls take you longer to read. [an orb
                  | of fire]
 89787 | Zot:5    | Noticed an ancient lich
 89788 | Zot:5    | Killed an orb of fire
 89790 | Zot:5    | Noticed an orb of fire
 89792 | Zot:5    | Noticed an orb of fire
 89793 | Zot:5    | Noticed a Killer Klown
 89798 | Zot:5    | Noticed an orb of fire
 89799 | Zot:5    | Killed an ancient lich
 89800 | Zot:5    | Killed a Killer Klown
 89807 | Zot:5    | Noticed an orb of fire
 90123 | Zot:5    | Killed a Killer Klown
 90138 | Zot:5    | Lost mutation: Your magical capacity is low. (-10% MP) [an
                  | orb of fire]
 90151 | Zot:4    | Killed an orb of fire
 90518 | Zot:5    | Killed an orb of fire
 90560 | Zot:5    | Killed a Killer Klown
 90702 | Zot:5    | Reached XP level 26. HP: 177/209 MP: 35/49
 91038 | Zot:5    | Lost mutation: Scrolls take you longer to read. [potion of
                  | mutation]
 91038 | Zot:5    | Lost mutation: Scrolls take you a little longer to read.
                  | [potion of mutation]
 91038 | Zot:5    | Lost mutation: You are dopey. (Int -2) [potion of mutation]
 91038 | Zot:5    | Gained mutation: Your spells are a little harder to cast,
                  | but a little more powerful. [potion of mutation]
 91038 | Zot:5    | Gained mutation: You have a beak for a mouth. [potion of
                  | mutation]
 91038 | Zot:5    | Gained mutation: You have large cloven feet. [potion of
                  | mutation]
 91389 | Zot:5    | Reached skill level 25 in Fighting
 92210 | Zot:5    | Cast into level 4 of the Abyss (the power of Zot)
 92210 | Abyss:4  | Found a corrupted altar of Lugonu.
 92235 | Abyss:4  | Lost mutation: You possess an exceptional clarity of mind.
                  | [a neqoxec]
 92363 | Abyss:4  | Found a corrupted altar of Lugonu.
 92657 | Abyss:4  | Gained mutation: You are very frail. (-20% HP) [a neqoxec]
 92982 | Abyss:4  | Paralysed by accursed screaming for 1 turns
 93079 | Zot:5    | Escaped the Abyss
 93432 | Zot:4    | Lost mutation: You are very frail. (-20% HP) [potion of
                  | mutation]
 93432 | Zot:4    | Lost mutation: You have large cloven feet. [potion of
                  | mutation]
 93432 | Zot:4    | Lost mutation: Your body sometimes deteriorates upon taking
                  | damage. [potion of mutation]
 93432 | Zot:4    | Gained mutation: You passively map a small area around you.
                  | [potion of mutation]
 93432 | Zot:4    | Gained mutation: Your mind is acute. (Int +2) [potion of
                  | mutation]
 93524 | Zot:5    | Gained mutation: You are very frail. (-20% HP) [an orb of
                  | fire]
 93549 | Zot:5    | Noticed a Killer Klown
 94155 | Zot:5    | Got the Orb of Zot
 94157 | Zot:5    | Noticed Qonekhun the pandemonium lord
 94219 | Zot:5    | Noticed Beco Cia the pandemonium lord
 94239 | Zot:4    | HP: 1/188 [profane servitor/+3 whip (16)]
 94241 | Zot:4    | Demolished by Beco Cia the pandemonium lord

Levels and vault maps discovered:
D:1:      psy_arrival_heroes, layout_basic
D:2:      layout_basic, minmay_misc_feat_five, kennysheep_generic_room_6
D:3:      layout_loops_ring, nicolae_gozag_zags_fifth_avenue, first_ration,
          grunt_ministairs_11
D:4:      layout_cave_pools
D:5:      layout_gridville, grunt_temple_overflow_diamond, temple_green
D:6:      cheibrodos_steamvent, layout_loops_ring, gammafunk_ghost_gnarly_gnolls
D:7:      layout_basic, abandoned_shop
D:8:      layout_rooms, lemuel_round_altar, old_standard_altar, grunt_pizzeria,
          fungi_pond_lemuel, st_stairs_10, minmay_manual_monstrance,
          uniq_maurice
D:9:      layout_basic, lair_entry_dummy, uniq_erica, uniq_prince_ribbit1
D:10:     minmay_weird_star, layout_irregular_city
D:11:     layout_loops_corners, serial_shops, kennysheep_mini
D:12:     layout_cross, zombieorc2_lemuel, serial_shops, nicolae_shop_crystal,
          nrook_mini_vaults
D:13:     layout_basic, serial_shops, shop_fountains, enter_bailey_2
D:14:     minmay_firetagon, layout_loops_ring, david_vaults_5,
          grunt_decor_resistance, nicolae_wwwww, lemuel_statue_altar,
          uniq_frances, uniq_kirke
D:15:     hangedman_slaughterboxes
Lair:1:   layout_small_grid, chequers_serial_rivers_large_a,
          eino_small_chamber_without_monster
Lair:2:   layout_small_grid, guppyfry_snake_entry_island
Lair:3:   layout_hall_layers, beast_lair_carwin_7, uniq_sonja
Lair:4:   layout_loops_ring, nicolae_swamp_entry_splash_gauntlet, basic_altar,
          grunt_forest_large_clearings, grunt_megastairs_5
Lair:5:   layout_cave_pods, uniq_nessos
Lair:6:   cheibrodos_lair_end_hotspot, layout_gridlike,
          dpeg_slime_entry_enclosed_altar
Swamp:1:  layout_basic_swamp, evilmike_swamp_ruin_rubble_2,
          infiniplex_staircase_pool_2
Swamp:2:  layout_basic_swamp, serial_swamp_ruin, evilmike_swamp_ruin_house_6,
          evilmike_swamp_ruin_wall
Swamp:3:  layout_falls_marsh, evilmike_swamp_ruin_house_5, swamp_pool2
Swamp:4:  swamp_basic_johnstein, layout_basic_swamp
Snake:1:  layout_basic, lightli_airlock
Snake:2:  layout_gridlike, st_stairs_1, nicolae_coiled_stairwell_down,
          serial_bayou_shore_a
Snake:3:  layout_basic, lemuel_fruit_tree
Snake:4:  grunt_snake_rune_serpentine_throne, layout_rooms, uniq_aizul,
          uniq_asterion, uniq_vashnia
Orc:1:    layout_caves, gammafunk_ghost_berserking_beasts, trog_hazing_becter
Orc:2:    grunt_orc_gardens, layout_caves, grunt_orc_garden, grunt_orc_garden,
          grunt_orc_garden, grunt_orc_garden, bloody_trog, uniq_jorgrun
Elf:1:    minmay_elf_arrival_summoners, layout_geoelf_diagonals,
          minmay_elf_annihilation, minmay_misc_feat_diagonals
Elf:2:    layout_gridlike, serial_shops, shop, nicolae_shop_stone, shop,
          serial_sigils_hangedman_leer, nicolae_elf_stair_hall, nooodl_food_tri,
          uniq_donald
Elf:3:    elf_hall, layout_loops_cross, serial_shops, shop, uniq_louise
Vaults:1: hangedman_vaults_stream, ontoclasm_vaults_claustrophobia, v_pattern_1,
          vaults_room_fancy_cross, vaults_room_grunt_arrival_ludios, v_misc_12,
          nicolae_vaults_alarming, nicolae_vaults_little_squares_2, v_misc_4,
          v_misc_25, ontoclasm_vaults_loading_screen, grunt_vaults_bifocal,
          ontoclasm_vaults_gateway, layout_vaults_maze_snakey
Vaults:2: v_misc_2, v_rooms_4, vaults_mumra_hex, hangedman_vaults_variations,
          ontoclasm_vaults_chip, layout_vaults_quadrants, serial_shops,
          nicolae_shop_trees, nicolae_shop_stone, uniq_frederick
Vaults:3: gammafunk_vaults_ghost_necromancy, nicolae_vaults_theta,
          nicolae_vaults_circle_grid_a, blue_anna_dwarven_crypt, sword_in_stone,
          v_misc_26, ontoclasm_vaults_tryst, vaults_dpeg_spiral,
          vaults_room_stairs_pillars, v_misc_12,
          vaults_standard_mumra_enter_the_diamond, ontoclasm_vaults_eye,
          nicolae_vaults_little_squares_5,
          vaults_standard_mumra_enter_the_diamond, ontoclasm_vaults_bender,
          hangedman_vaults_cutoff, vaults_room_stairs_pillars,
          layout_vaults_omnicross
Vaults:4: vaults_room_fours, v_misc_3, vaults_dpeg_ring, v_misc_1,
          nicolae_vaults_theta, nicolae_vaults_theta,
          nicolae_vaults_mini_display_case, hangedman_vaults_capsules, st_cells,
          ontoclasm_vaults_chip, v_misc_23, layout_vaults_ring
Vaults:5: serial_shops
Depths:1: minmay_octo_star, layout_gridlike, hell_entry,
          corexii_leaking_fountain, kennysheep_decorative_pillar,
          columned_hall_lemuel, minmay_fractal_squares_diagonal_5
Depths:2: evilmike_cross, layout_cave_shapes, enter_ziggurat_b, hell_entry
Depths:3: constructs_gauntlet_mu_hangedman, layout_gridville, abyss_entry,
          serial_shops, shop, grunt_pan_entry_in_and_out,
          grunt_hell_entry_dis_mu, minmay_misc_feat_tower, drop_trap,
          kennysheep_big_empty_room, infiniplex_staircase_door_maze
Depths:4: minmay_the_grid_triangle_9x9_recursive_2_mashed
          [minmay_the_grid_triangle_9x9_prize_insulated,
          minmay_the_grid_triangle_9x9_impossible_snake,
          minmay_the_grid_triangle_9x9_corrupted_corridor,
          minmay_the_grid_triangle_9x9_checkered], layout_cave_pools,
          grunt_metal_band, minmay_misc_feat_iff, rand_demon_pan_entry_9,
          abyss_entry, infiniplex_staircase_trident, uniq_sojobo, uniq_jory,
          uniq_margery
Depths:5: evilmike_zot_entry_hall, layout_cave_shapes, ashenzari_altar_1,
          serial_shops, shop, abyss_entry_flame_altar, hell_entry,
          minmay_shoptagon
Zot:1:    minmay_elemental_castle, layout_misc_corridors, st_stairs_9
Zot:2:    layout_cathedral_of_symmetry
Zot:3:    lemuel_draconian_sentries, layout_twisted_circle
Zot:4:    layout_gridville
Zot:5:    layout_misc_corridors

Skill      XL: |  1  2  3  4  5  6  7  8  9 10 11 12 13 14 15 16 17 18 19 20 21 22 23 24 25 26 |
---------------+-------------------------------------------------------------------------------+-----
Fighting       | 1 2 3 4 5 7 10 11 12 14 15 16 17 18 20 24 25 | 25.6
Ice Magic      | 4 5 6 7 |  7.0
Spellcasting   | 3 4 6 7 8 9 10 11 12 14 17 19 20 21 22 | 22.0
Summonings     | 1 2 4 5 6 7 8 9 11 13 15 16 18 20 | 20.0
Long Blades    | 3 7 10 11 13 14 | 14.0
Air Magic      | 4 6 |  6.0
Dodging        | 3 5 7 9 10 | 10.0
Shields        | 4 12 15 | 15.0
Hexes          | 4 6 |  6.2
Evocations     | 7 10 | 10.0
Armour         | 9 14 15 | 15.0
Stealth        | |  1.7
Conjurations   | |  1.1

Action                   |  1- 3 |  4- 6 |  7- 9 | 10-12 | 13-15 | 16-18 | 19-21 | 22-24 | 25-27 || total
-------------------------+-------+-------+-------+-------+-------+-------+-------+-------+-------++-------
Melee: Dagger            |    92 |   153 |    64 |       |       |       |       |       |       ||   309
       Long sword        |       |       |    63 |       |       |       |       |       |       ||    63
       Scimitar          |       |       |    11 |   456 |  1133 |   705 |   211 |       |       ||  2516
       Falchion          |       |       |       |       |       |       |    84 |       |       ||    84
       Demon blade       |       |       |       |       |       |       |     9 |  1355 |   574 ||  1938
       Peck              |       |       |       |       |       |       |       |       |    25 ||    25
 Cast: Freeze            |    32 |    96 |    44 |    10 |    11 |       |     1 |     1 |       ||   195
       Throw Frost       |     6 |     6 |     1 |    19 |    23 |     5 |     1 |     2 |       ||    63
       Summon Ice Beast  |       |     4 |    33 |    84 |   121 |   115 |    21 |     4 |     6 ||   388
       Summon Lightning  |       |       |    13 |    49 |    83 |   148 |    45 |    52 |     3 ||   393
       Ozocubu's Armour  |       |       |       |    11 |     2 |       |       |       |       ||    13
       Summon Mana Viper |       |       |       |       |    92 |   183 |    66 |   114 |    35 ||   490
       Summon Hydra      |       |       |       |       |    11 |    54 |    42 |   120 |    82 ||   309
       Shadow Creatures  |       |       |       |       |       |       |       |    93 |    11 ||   104
       Summon Horrible T |       |       |       |       |       |       |       |    47 |    59 ||   106
Invok: Potion Petition   |       |     1 |       |     1 |     2 |       |       |       |       ||     4
       Call Merchant     |       |       |       |       |     5 |     2 |       |     1 |     1 ||     9
       Bribe Branch      |       |       |       |       |       |     1 |     1 |       |     1 ||     3
 Abil: Hop               |       |     1 |       |     4 |    15 |    16 |     3 |    12 |    13 ||    64
Evoke: Wand              |       |       |       |     1 |     3 |     3 |       |       |    11 ||    18
  Use: Scroll            |       |     1 |       |    15 |    11 |    13 |     6 |    25 |    13 ||    84
       Potion            |       |       |     1 |     4 |     3 |    11 |     8 |     7 |    22 ||    56
 Stab: Sleeping          |       |     2 |       |     3 |     7 |     2 |       |     1 |       ||    15
       Distracted        |       |       |     4 |     7 |    21 |    19 |    13 |    31 |    10 ||   105
       Confused          |       |       |       |       |       |       |       |       |     2 ||     2
  Eat: Chunk             |     7 |       |       |       |       |       |       |       |       ||     7
       Ration            |       |     4 |     6 |    13 |    22 |    21 |     7 |    25 |    16 ||   114
Armor: Robe              |    22 |    49 |    61 |   150 |   197 |   152 |    66 |     2 |       ||   699
       Quicksilver drago |       |       |       |       |       |       |       |   451 |   266 ||   717
Dodge: Dodged            |    74 |   138 |   154 |   315 |   561 |   428 |   184 |   537 |   246 ||  2637
Block: Buckler           |       |       |       |    87 |   376 |   289 |   111 |   640 |   371 ||  1874
       Reflection        |       |       |       |     2 |    32 |    34 |    15 |    48 |     2 ||   133
       Rpst.: Long sword |       |       |    18 |       |       |       |       |       |       ||    18
       Scimitar          |       |       |     1 |    91 |   129 |    93 |    21 |       |       ||   335
       Falchion          |       |       |       |       |       |       |     9 |       |       ||     9
       Demon blade       |       |       |       |       |       |       |     1 |    99 |    39 ||   139
